 Dungeon Sprint DCSS version 0.26-a0-712-ga5a9c9c9d0 (webtiles) character file.

Game seed: 17426672500904928456

938 mhtbhm the Basher (level 8, 0/58 HPs)
             Began as a Kobold Berserker on Oct 31, 2020.
             Was a High Priest of Trog.
             Slain by a meliai (shapeshifter) (2 damage)
             ... while petrified by a basilisk
             ... in the Dungeon (Sprint IX: "|||||||||||||||||||||||||||||").
             The game lasted 00:01:14 (651 turns).

mhtbhm the Basher (Kobold Berserker)                 Turns: 651, Time: 00:01:15

Health: 0/58       AC: 14    Str: 16    XL:     8   Next: 34%
Magic:  8/8        EV:  3    Int:  8    God:    Trog [*****.]
Gold:   0          SH:  0    Dex: 15    Spells: 7/7 levels left

rFire    . . .     SeeInvis .   a - +2 morningstar (protect)
rCold    . . .     Faith    .   (shield restricted)
rNeg     + + +     Spirit   .   b - +1 chain mail
rPois    ∞         Reflect  .   l - +0 helmet
rElec    .         Harm     .   (no cloak)
rCorr    .         Rampage  .   (no gloves)
MR       .....     NoTele   +   (no boots)
Stlth    ..........             (no amulet)
HPRegen  0.19/turn              n - +2 ring of protection
MPRegen  0.11/turn              (no ring)

@: petrified, berserk cooldown, slowed
A: small, nightstalker 3
a: Berserk, Trog's Hand, Brothers in Arms, Renounce Religion


You were in the Dungeon.
You worshipped Trog.
Trog was extremely pleased with you.
You visited 1 branch

Inventory:

Hand Weapons
 a - a +2 morningstar of protection (weapon)
Armour
 b - a +1 chain mail (worn)
 l - a +0 helmet (worn)
Jewellery
 m - a +3 ring of strength
 n - a +2 ring of protection (left hand)
Wands
 k - a wand of acid (7)
Scrolls
 h - 2 scrolls of blinking
 j - 3 scrolls of remove curse
Potions
 c - 4 potions of curing
 d - 2 potions of heal wounds
 e - a potion of haste
 f - 4 potions of magic
 g - a potion of berserk rage
 i - a potion of invisibility


   Skills:
 + Level 10.5 Fighting
 + Level 10.7 Maces & Flails
 + Level 5.6 Armour
 + Level 7.5 Dodging
 + Level 3.5 Stealth


You had 7 spell levels left.
You didn't know any spells.
Your spell library was empty.

Dungeon Overview and Level Annotations

Branches:
Dungeon (1/1)

Altars:
Cheibriados
Dithmenos
Elyvilon
Fedhas
Gozag
Hepliaklqana
Kikubaaqudgha
Makhleb
Nemelex Xobeh
Okawaru
Qazlal
Ru
Sif Muna
Trog
Uskayaw
Vehumet
Wu Jian
Xom
Yredelemnul
Zin
The Shining One
Beogh
Jiyva
Lugonu


Innate Abilities, Weirdness & Mutations

You are small and have problems with some larger weapons.
You are completely attuned to the shadows.


Message History

The meliai hits you!
* * * LOW HITPOINT WARNING * * *
The meliai stings you but does no damage.
The meliai hits you.
* * * LOW HITPOINT WARNING * * *
The meliai stings you but does no damage.
The meliai hits you but does no damage. The meliai barely misses you.
The meliai hits you but does no damage.
The meliai stings you but does no damage.
The meliai barely misses you.
The meliai stings you but does no damage.
The meliai hits you but does no damage.
The meliai stings you but does no damage.
The meliai hits you.
* * * LOW HITPOINT WARNING * * *
The meliai stings you but does no damage.
The meliai hits you but does no damage.
The meliai stings you but does no damage.
The meliai hits you.
You die... ▓▓▓▓▓▓▓▓▓▓▓▓▓▓▓▓▓▓▓▓▓▓ +..)y@)'.....)').[.[.) ▓▓▓▓▓▓▓▓▓▓▓▓▓▓▓▓▓▓▓▓▓▓

You could see a meliai shaped shifter.

Vanquished Creatures
  A gargoyle (D)
  A basilisk (D)
  A phantom (D)
  An ogre (D)
  2 bullfrogs (D)
  2 scorpions (D)
  A wight (D)
  2 orc wizards (D)
  An adder (D)
  An orc (D)
  2 bats (D)
  A bat skeleton (D)
  A bat zombie (D)
  A giant cockroach (D)
  A hobgoblin (D)
  2 rats (D)
21 creatures vanquished.

Notes
Turn   | Place    | Note
-------+----------+-------------------------------------------
     0 | D        | mhtbhm the Kobold Berserker began the quest for the Orb.
     0 | D        | Reached XP level 1. HP: 14/14 MP: 1/1
    15 | D        | Reached ** piety under Trog
    42 | D        | Noticed a scorpion
    43 | D        | Noticed an orc wizard
    47 | D        | Reached XP level 2. HP: 20/20 MP: 2/2
    48 | D        | Reached *** piety under Trog
    53 | D        | Killed a scorpion
    53 | D        | Reached skill level 5 in Fighting
    53 | D        | Reached skill level 5 in Maces & Flails
    53 | D        | Reached skill level 1 in Stealth
    53 | D        | Reached XP level 3. HP: 27/27 MP: 3/3
    53 | D        | Reached XP level 4. HP: 32/32 MP: 4/4
    58 | D        | Reached **** piety under Trog
    95 | D        | Found a roughly hewn altar of Beogh.
    95 | D        | Found a snail-covered altar of Cheibriados.
    95 | D        | Found a shadowy altar of Dithmenos.
    96 | D        | Found a white marble altar of Elyvilon.
    97 | D        | Found a blossoming altar of Fedhas.
    98 | D        | Found an opulent altar of Gozag.
    99 | D        | Found a hazy altar of Hepliaklqana.
   100 | D        | Found a viscous altar of Jiyva.
   101 | D        | Found an ancient bone altar of Kikubaaqudgha.
   102 | D        | Found a corrupted altar of Lugonu.
   103 | D        | Found a burning altar of Makhleb.
   104 | D        | Found a sparkling altar of Nemelex Xobeh.
   105 | D        | Found an iron altar of Okawaru.
   106 | D        | Found a stormy altar of Qazlal.
   107 | D        | Found a sacrificial altar of Ru.
   108 | D        | Found a shimmering blue altar of Sif Muna.
   109 | D        | Found a bloodstained altar of Trog.
   110 | D        | Found a hide-covered altar of Uskayaw.
   111 | D        | Found a radiant altar of Vehumet.
   112 | D        | Found an ornate altar of the Wu Jian Council.
   113 | D        | Found a shimmering altar of Xom.
   114 | D        | Found a basalt altar of Yredelemnul.
   115 | D        | Found a glowing silver altar of Zin.
   116 | D        | Found a glowing golden altar of the Shining One.
   173 | D        | Noticed a bullfrog
   175 | D        | Reached XP level 5. HP: 38/38 MP: 5/5
   185 | D        | Killed a bullfrog
   185 | D        | Reached skill level 5 in Dodging
   185 | D        | Reached XP level 6. HP: 44/44 MP: 6/6
   192 | D        | Reached ***** piety under Trog
   201 | D        | HP: 2/46 [poisoned by an orc wizard]
   206 | D        | HP: 1/46 [poisoned by an orc wizard]
   604 | D        | Noticed an ogre
   604 | D        | Noticed a gargoyle
   604 | D        | Noticed a phantom
   606 | D        | Noticed a basilisk
   612 | D        | Killed a gargoyle
   612 | D        | Reached skill level 5 in Armour
   612 | D        | Reached XP level 7. HP: 52/52 MP: 7/7
   613 | D        | Reached skill level 10 in Fighting
   613 | D        | Reached skill level 10 in Maces & Flails
   613 | D        | Reached XP level 8. HP: 57/57 MP: 8/8
   614 | D        | Noticed an orb spider
   619 | D        | Killed a basilisk
   621 | D        | an orb spider changed into something unseen
   638 | D        | Noticed a basilisk
   644 | D        | a basilisk changed into a soldier ant
   646 | D        | Noticed a meliai
   646 | D        | a soldier ant changed into a meliai
   650 | D        | HP: 2/58 [meliai (shapeshifter) (1)]
   651 | D        | Slain by a meliai (shapeshifter)

Illustrated notes

Levels and vault maps discovered:
D:        linesprint [early_d, line_temple, items_1, d_10, items_2, lair_1,
          lair_end, items_3, orc_1, orc_end, items_4, d_15, swamp_1, shoals_1,
          snake_1, spider_1, d_20, vaults_1, items_5, swamp_end, shoals_end,
          snake_end, spider_end, vaults_end, d_27, items_6, zot_1, zot_end,
          crypt_end, forest_end, elf_end, slime_end, tomb_end, abyss_end,
          pan_hell_end]

Skill      XL: |  1  2  3  4  5  6  7 |
---------------+----------------------+-----
Maces & Flails | 3 5 6 7 9 10 | 10.7
Fighting       | 4 5 7 8 9 10 | 10.5
Armour         | 2 3 5 |  5.6
Dodging        | 3 4 5 6 7 |  7.5
Stealth        | 1 3 |  3.5

Action                   |  1- 3 |  4- 6 |  7- 9 || total
-------------------------+-------+-------+-------++-------
Melee: Mace              |    23 |     4 |       ||    27
       Morningstar       |       |    29 |    20 ||    49
Invok: Berserk           |     1 |     2 |       ||     3
Evoke: Wand              |       |     1 |     2 ||     3
  Use: Potion            |       |     1 |     1 ||     2
 Stab: Sleeping          |     1 |       |       ||     1
Armor: Animal skin       |     6 |       |       ||     6
       Chain mail        |       |    16 |    40 ||    56
Dodge: Dodged            |    21 |    20 |    10 ||    51

Table legend: (Time is in decaauts)
 A = Elapsed time spent in this place.
 B = Non-inter-level travel time spent in this place.
 C = Inter-level travel time spent in this place.
 D = Time resting spent in this place.
 E = Time spent auto-exploring this place.
 F = Levels seen in this place.
 G = Mean time per level.
                   A        B        C        D        E       F      G
               +--------+--------+--------+--------+--------+-----+--------+
         Total |    680 |    680 |      0 |    462 |      3 |   1 |  680.0 |
       Dungeon |    680 |    680 |      0 |    462 |      3 |   1 |  680.0 |
               +--------+--------+--------+--------+--------+-----+--------+

Top non-repeatable levels by time:
       D: 680 daAuts
